 Dungeon Crawl Stone Soup version 0.14-a0-2679-gcb94c3d (webtiles) character file.

663 CrazyArbalest the Bolt Thrower (level 7, -4/50 HPs)
             Began as a Demonspawn Hunter on Feb 17, 2014.
             Slain by Pikel
             ... wielding a +1,+0 whip of flaming
              (8 damage)
             ... on Level 4 of the Dungeon.
             The game lasted 00:19:02 (4432 turns).

CrazyArbalest the Bolt Thrower (Demonspawn Hunter)  Turns: 4432, Time: 00:19:04

HP  -4/50        AC  8     Str 15      XL: 7   Next:  0%
MP   7/7         EV 13     Int 12      God:
Gold 148         SH  0     Dex 13      Spells:  0 memorised,  6 levels left

rFire  . . .     SeeInvis .     d - +0,+1 dwarf flail
rCold  . . .     Clarity  .     L - +2 orc leather armour
rNeg   . . .     Conserve .     (no shield)
rPois  .         rCorr    .     (no helmet)
rElec  .         rRot     .     (no cloak)
SustAb . .       Spirit   .     y - +0 pair of gloves
rMut   .         Warding  .     (no boots)
Saprov . . .     Stasis   .     (no amulet)
MR     .....                    (no ring)
                                (no ring)

@: not resistant to hostile enchantments, unstealthy
A: talons 1, slimy green scales 1, demonic guardian 1, powered by death 1
a: no special abilities


You were on level 4 of the Dungeon.
You were not hungry.

You visited 1 branch of the dungeon, and saw 4 of its levels.

You collected 148 gold pieces.

Inventory:

Hand weapons
 a - a +0,+0 orcish mace
 b - a +1,+1 crossbow
 d - a +0,+1 dwarven flail (weapon)
 K - a +0,+0 orcish flail
Missiles
 c - 32 bolts
Armour
 w - a +0 elven ring mail
 y - a +0 pair of gloves (worn)
 L - a +2 orcish leather armour (worn)
Comestibles
 f - 4 bread rations
 q - a pear
 u - a meat ration
 v - a honeycomb
 C - 4 rotting chunks of orc flesh
 F - a choko
 J - a rotting chunk of worker ant flesh
 N - a rotting chunk of rat flesh
 O - 3 rotting chunks of orc flesh
Scrolls
 e - 5 scrolls of remove curse
 g - a scroll of random uselessness {unknown}
 h - 2 scrolls of teleportation {unknown}
 k - a scroll of fog {unknown}
 l - 2 scrolls of immolation {unknown}
 m - a scroll of recharging {unknown}
 r - 6 scrolls of magic mapping {unknown}
 t - a scroll of blinking {unknown}
 A - 2 scrolls of identify {unknown}
 Q - a scroll of curse jewellery {unknown}
Potions
 i - 3 potions of curing {unknown}
 j - a potion of flight {unknown}
 n - a potion of lignification {unknown}
 p - a potion of porridge
 x - a potion of cure mutation {unknown}
 z - a potion of mutation {unknown}
 B - a potion of agility
Books
 o - a book of Unlife

   Spells                             Type                      Level
   Recall                             Summoning/Translocation      3
   Animate Dead                       Necromancy                   4
   Control Undead                     Necromancy                   4
   Twisted Resurrection               Necromancy                   5
   Death Channel                      Necromancy                   6
   Simulacrum                         Ice/Necromancy               6
 G - a book of Changes

   Spells                             Type                      Level
   Beastly Appendage                  Transmutation                1
   Sticks to Snakes                   Transmutation                2
   Spider Form                        Transmutation/Poison         3
   Ice Form                           Ice/Transmutation            4
   Blade Hands                        Transmutation                5
Carrion
 H - the goblin skeleton of Ijyb


   Skills:
 + Level 2.0 Fighting
 + Level 2.0 Maces & Flails
 * Level 5.2 Crossbows
 + Level 1.3 Armour
 + Level 4.5 Dodging
 + Level 1.3 Stealth


You had 6 spell levels left.
You didn't know any spells.

Dungeon Overview and Level Annotations

Branches:
Dungeon (4/16)
 Temple: D:4-7

Altars:
Fedhas

Annotations:
D:4 Pikel, Prince Ribbit


Innate Abilities, Weirdness & Mutations

You have sharp toenails.
You are partially covered in slimy green scales (AC +2).
A weak demonic guardian rushes to your aid.
You can steal the life force of nearby defeated enemies.


Message History

Pikel is heavily wounded.
Pikel completely misses you.
You closely miss Pikel. Your kick misses Pikel.
Pikel is heavily wounded.
Pikel says, "I'm sure the Orcish Mines are around here somewhere..."
Pikel hits you with a whip of flaming! Pikel burns you.
You closely miss Pikel. You claw Pikel, but do no damage.
Pikel is heavily wounded.
Pikel hits you with a whip of flaming.
* * * LOW HITPOINT WARNING * * *
Pikel burns you.
* * * LOW HITPOINT WARNING * * *
You barely miss Pikel.
Pikel is heavily wounded.
Pikel hits you with a whip of flaming.
* * * LOW HITPOINT WARNING * * *
Pikel burns you.
* * * LOW HITPOINT WARNING * * *
Pikel hits you with a whip of flaming!
You die...

#..............
#.########..............
#.......................
#.......................
#.........<.........####
#.......#########...#
#..####.# #...# +5#
#...# #@# #...#### #K#
#....... @@# #.......
..@# #....... ..?.#
#....... ####.# #..#####
#.# #..# # #.# #..# #
#.#########..# #


You could see Pikel, 3 slaves and a friendly iron imp.

Vanquished Creatures
  The ghost of CrazyArbalest the Bolt Thrower, an average DsHu (D:3)
  A phantom (D:4)
  A hound (D:3)
  2 worker ants (D:4)
  Ijyb (D:4)
  7 adders
  3 giant geckos
  An ooze (D:4)
  6 orcs
  A giant cockroach (D:2)
  5 goblins
  4 hobgoblins
  5 jackals (D:3)
  2 quokkas
  8 bats
  9 giant newts
  8 kobolds
  11 rats
76 creatures vanquished.

Notes
Turn   | Place    | Note
--------------------------------------------------------------
     0 | D:1      | CrazyArbalest, the Demonspawn Hunter, began the quest for the Orb.
     0 | D:1      | Reached XP level 1. HP: 15/15 MP: 1/1
   297 | D:1      | Reached skill level 4 in Crossbows
   299 | D:1      | Gained mutation: You can steal the life force of nearby defeated enemies. [demonic ancestry]
   299 | D:1      | Reached XP level 2. HP: 8/21 MP: 2/2
  1222 | D:2      | Gained mutation: You are partially covered in slimy green scales (AC +2). [demonic ancestry]
  1222 | D:2      | Reached XP level 3. HP: 17/26 MP: 3/3
  2015 | D:3      | Reached skill level 1 in Maces & Flails
  2015 | D:3      | Reached skill level 1 in Armour
  2015 | D:3      | Reached skill level 1 in Stealth
  2307 | D:3      | Reached XP level 4. HP: 11/32 MP: 4/4
  2908 | D:3      | Noticed CrazyArbalest's ghost (average DsHu)
  2976 | D:3      | Killed CrazyArbalest's ghost
  2976 | D:3      | Gained mutation: You have sharp toenails. [demonic ancestry]
  2976 | D:3      | Reached XP level 5. HP: 34/37 MP: 5/5
  2976 | D:3      | Reached XP level 6. HP: 39/43 MP: 6/6
  3063 | D:3      | Found a blossoming altar of Fedhas.
  3688 | D:4      | Noticed Ijyb
  3718 | D:4      | Killed Ijyb
  3775 | D:4      | Noticed Prince Ribbit
  3785 | D:3      | Reached skill level 5 in Crossbows
  4349 | D:4      | Gained mutation: A weak demonic guardian rushes to your aid. [demonic ancestry]
  4349 | D:4      | Reached XP level 7. HP: 34/50 MP: 7/7
  4413 | D:4      | Noticed Pikel
  4432 | D:4      | Slain by Pikel

Action                   |  1- 3 |  4- 6 |  7- 9 || total
-------------------------+-------+-------+-------++-------
Melee: Mace              |   159 |   143 |       ||   302
       Short sword       |     8 |       |       ||     8
       Flail             |       |     7 |    17 ||    24
 Fire: Crossbow          |     3 |    38 |       ||    41
  Use: Scroll            |       |     1 |       ||     1
 Stab: Sleeping          |       |     1 |       ||     1
